UAA
LEUPP ARROWHEADS @ TACOMA FUR TRADERS
08/25/2019
 
TOP OF THE 1ST
Leupp Arrowheads batting - Pitching for Tacoma Fur Traders : RHP Kevin Porter
Pitching: RHP Kevin Porter
Batting: LHB Pancho Ruíz 0-0: Called Strike
0-1: Foul Ball, location: 2F
0-2: Ball
1-2: Ball
2-2: Ball
3-2: Base on Balls
Batting: LHB Jorge Mojica 0-0: Called Strike
0-1: Ball
1-1: Fly out, F7 (Popup, 56D)
Batting: RHB Andrés Rodríguez 0-0: Ball
1-0: Foul Ball, location: 2F
1-1: Foul Ball, location: 2F
1-2: Foul Ball, location: 2F
1-2: Foul Ball, location: 2F
1-2: Ball
2-2: Foul Ball, location: 2F
2-2: Fly out, F8 (Line Drive, 8LS)
Batting: RHB Tamasaburo Kato 0-0: Ball
1-0: Called Strike
1-1: Ball
2-1: Ball
3-1: Swinging Strike
3-2: Foul Ball, location: 2F
3-2: Foul Ball, location: 2F
3-2: Base on Balls
Pancho Ruíz to second
Batting: RHB Juan Tapia 0-0: Ball
1-0: Foul Ball, location: 2F
1-1: Ball
2-1: Ball
3-1: Base on Balls
Pancho Ruíz to third
Tamasaburo Kato to second
Batting: RHB Tom Potts 0-0: Ball
1-0: Ball
2-0: Fly out, F9 (Flyball, 9LMF)
Top of the 1st over - 0 run(s), 0 hit(s), 0 error(s), 3 left on base; Leupp 0 - Tacoma 0
BOTTOM OF THE 1ST
Tacoma Fur Traders batting - Pitching for Leupp Arrowheads : RHP Austin Stewart
Pitching: RHP Austin Stewart
Batting: RHB Alfonso López 0-0: Ball
1-0: Ground out 6-3 (Groundball, 6M)
Batting: RHB Johnny Bryant 0-0: Called Strike
0-1: Ball
1-1: Called Strike
1-2: Ball
2-2: Strikes out swinging
Batting: RHB Justin Saginov 0-0: Swinging Strike
0-1: Ball
1-1: Ball
2-1: Ball
3-1: Fly out, F8 (Flyball, 8RM)
Bottom of the 1st over - 0 run(s), 0 hit(s), 0 error(s), 0 left on base; Leupp 0 - Tacoma 0
TOP OF THE 2ND
Leupp Arrowheads batting - Pitching for Tacoma Fur Traders : RHP Kevin Porter
Batting: RHB José López 0-0: Ball
1-0: Foul Ball, location: 2F
1-1: Called Strike
1-2: Foul Ball, location: 2F
1-2: Strikes out swinging
Batting: LHB Yun Yen 0-0: Ground out U3 (Groundball, 3L)
Batting: SHB Gustavo Fuentes 0-0: Foul Ball, location: 2F
0-1: Ball
1-1: Ground out 4-3 (Groundball, 34)
Top of the 2nd over - 0 run(s), 0 hit(s), 0 error(s), 0 left on base; Leupp 0 - Tacoma 0
BOTTOM OF THE 2ND
Tacoma Fur Traders batting - Pitching for Leupp Arrowheads : RHP Austin Stewart
Batting: RHB Miguel Silva 0-0: Ball
1-0: Ball
2-0: SINGLE (Flyball, 8RS)
Batting: LHB Ramón García 0-0: Ball
1-0: Ball
2-0: Ball
3-0: Base on Balls
Miguel Silva to second
Batting: RHB Vicente Hernández 0-0: Foul Ball, location: 2F
0-1: Grounds into double play, 1-6-3 (Groundball, 13)
Miguel Silva to third
Batting: SHB Arnold Smith 0-0: Foul Ball, location: 2F
0-1: Called Strike
0-2: Strikes out swinging
Bottom of the 2nd over - 0 run(s), 1 hit(s), 0 error(s), 1 left on base; Leupp 0 - Tacoma 0
TOP OF THE 3RD
Leupp Arrowheads batting - Pitching for Tacoma Fur Traders : RHP Kevin Porter
Batting: LHB Pancho Ruíz 0-0: Foul Ball, location: 2F
0-1: Swinging Strike
0-2: Ball
1-2: Ball
2-2: Fly out, F8 (Flyball, 8RXD)
Batting: LHB Jorge Mojica 0-0: Swinging Strike
0-1: Foul Ball, location: 2F
0-2: Ball
1-2: Strikes out swinging
Batting: RHB Andrés Rodríguez 0-0: Swinging Strike
0-1: Swinging Strike
0-2: Ball
1-2: Fly out, F8 (Line Drive, 8RS)
Top of the 3rd over - 0 run(s), 0 hit(s), 0 error(s), 0 left on base; Leupp 0 - Tacoma 0
BOTTOM OF THE 3RD
Tacoma Fur Traders batting - Pitching for Leupp Arrowheads : RHP Austin Stewart
Batting: RHB Robert Jones 0-0: Called Strike
0-1: Foul Ball, location: 2F
0-2: Fly out, F9 (Flyball, 9M)
Batting: RHB Harley Gray 0-0: Fly out, F9 (Flyball, 9M)
Batting: RHB Alfonso López 0-0: Ball
1-0: Ball
2-0: Called Strike
2-1: Ball
3-1: Base on Balls
Batting: RHB Johnny Bryant 0-0: Ball
1-0: Ball
2-0: Foul Ball, location: 2F
2-1: Fly out, F7 (Flyball, 78M)
Bottom of the 3rd over - 0 run(s), 0 hit(s), 0 error(s), 1 left on base; Leupp 0 - Tacoma 0
TOP OF THE 4TH
Leupp Arrowheads batting - Pitching for Tacoma Fur Traders : RHP Kevin Porter
Batting: RHB Tamasaburo Kato 0-0: Ground out 6-3 (Groundball, 6M)
Batting: RHB Juan Tapia 0-0: Fly out, F8 (Flyball, 8LM)
Batting: RHB Tom Potts 0-0: Ball
1-0: Called Strike
1-1: Called Strike
1-2: Strikes out swinging
Top of the 4th over - 0 run(s), 0 hit(s), 0 error(s), 0 left on base; Leupp 0 - Tacoma 0
BOTTOM OF THE 4TH
Tacoma Fur Traders batting - Pitching for Leupp Arrowheads : RHP Austin Stewart
Batting: RHB Justin Saginov 0-0: Ball
1-0: Ball
2-0: Ball
3-0: Base on Balls
Batting: RHB Miguel Silva 0-0: Ball
1-0: Ball
2-0: Ball
3-0: Called Strike
3-1: Base on Balls
Justin Saginov to second
Batting: LHB Ramón García 0-0: Fly out, F7 (Flyball, 78M)
Batting: RHB Vicente Hernández 0-0: Ball
1-0: Ball
2-0: Called Strike
2-1: Fly out, F8 (Line Drive, 8RM)
Runner from 2nd tags up, OUT at 3rd
Bottom of the 4th over - 0 run(s), 0 hit(s), 0 error(s), 1 left on base; Leupp 0 - Tacoma 0
TOP OF THE 5TH
Leupp Arrowheads batting - Pitching for Tacoma Fur Traders : RHP Kevin Porter
Batting: RHB José López 0-0: Called Strike
0-1: Ground out 6-3 (Groundball, 6M)
Batting: LHB Yun Yen 0-0: Called Strike
0-1: Fly out, F9 (Line Drive, 9LM)
Batting: SHB Gustavo Fuentes 0-0: Called Strike
0-1: Fly out, F8 (Flyball, 8RM)
Top of the 5th over - 0 run(s), 0 hit(s), 0 error(s), 0 left on base; Leupp 0 - Tacoma 0
BOTTOM OF THE 5TH
Tacoma Fur Traders batting - Pitching for Leupp Arrowheads : RHP Austin Stewart
Batting: SHB Arnold Smith 0-0: Foul Ball, location: 2F
0-1: Ball
1-1: Foul Ball, location: 2F
1-2: DOUBLE (Line Drive, 9LS)
Batting: RHB Robert Jones 0-0: Ball
1-0: Ball
2-0: Fly out, F7 (Flyball, 7LM)
Batting: RHB Harley Gray 0-0: Ball
1-0: Called Strike
1-1: Ball
2-1: Ground out U3 (Groundball, 3S)
Arnold Smith to third
Batting: RHB Alfonso López 0-0: Called Strike
0-1: Foul Ball, location: 2F
0-2: Foul Ball, location: 2F
0-2: SINGLE (Groundball, 56D)
Arnold Smith scores
Batting: RHB Johnny Bryant 0-0: Called Strike
0-1: Ball
1-1: Ball
2-1: SINGLE (Groundball, 56D)
Alfonso López to second
Batting: RHB Justin Saginov 0-0: Ball
1-0: Ground out U3 (Groundball, 3S)
Bottom of the 5th over - 1 run(s), 3 hit(s), 0 error(s), 2 left on base; Leupp 0 - Tacoma 1
TOP OF THE 6TH
Leupp Arrowheads batting - Pitching for Tacoma Fur Traders : RHP Kevin Porter
Batting: LHB Pancho Ruíz 0-0: Ball
1-0: Ground out 6-3 (Groundball, 6M)
Batting: LHB Jorge Mojica 0-0: Called Strike
0-1: Ball
1-1: Ball
2-1: Foul Ball, location: 2F
2-2: Strikes out swinging
Batting: RHB Andrés Rodríguez 0-0: Called Strike
0-1: Ground out 5-3 (Groundball, 5S)
Top of the 6th over - 0 run(s), 0 hit(s), 0 error(s), 0 left on base; Leupp 0 - Tacoma 1
BOTTOM OF THE 6TH
Tacoma Fur Traders batting - Pitching for Leupp Arrowheads : RHP Austin Stewart
Batting: RHB Miguel Silva 0-0: Called Strike
0-1: Ball
1-1: Called Strike
1-2: Ground out 6-3 (Groundball, 6)
Batting: LHB Ramón García 0-0: Called Strike
0-1: Ball
1-1: Fly out, F5 (Popup, 5F)
Batting: RHB Vicente Hernández 0-0: SINGLE (Groundball, 56)
Batting: SHB Arnold Smith 0-0: Swinging Strike
0-1: Ball
1-1: Ball
2-1: Foul Ball, location: 2F
2-2: Strikes out swinging
Bottom of the 6th over - 0 run(s), 1 hit(s), 0 error(s), 1 left on base; Leupp 0 - Tacoma 1
TOP OF THE 7TH
Leupp Arrowheads batting - Pitching for Tacoma Fur Traders : RHP Kevin Porter
Batting: RHB Tamasaburo Kato 0-0: Called Strike
0-1: Ball
1-1: Foul Ball, location: 2F
1-2: Strikes out swinging
Batting: RHB Juan Tapia 0-0: Ball
1-0: Swinging Strike
1-1: Ball
2-1: Ball
3-1: Base on Balls
Pinch Hitting: SHB Jared Jefferson 0-0: Fly out, F3 (Popup, 3SF)
Batting: RHB José López 0-0: Foul Ball, location: 2F
0-1: Ball
1-1: Ball
2-1: Ball
3-1: Called Strike
3-2: Foul Ball, location: 2F
3-2: Base on Balls
Juan Tapia to second
Pinch Hitting: LHB Chris West 0-0: Ground out 5-3 (Groundball, 56)
Top of the 7th over - 0 run(s), 0 hit(s), 0 error(s), 2 left on base; Leupp 0 - Tacoma 1
BOTTOM OF THE 7TH
Tacoma Fur Traders batting - Pitching for Leupp Arrowheads : RHP Austin Stewart
Now in LF: Jared Jefferson
Now in CF: Chris West
Batting: RHB Robert Jones 0-0: Ball
1-0: Ball
2-0: Fly out, F9 (Flyball, 9D)
Batting: RHB Harley Gray 0-0: Ball
1-0: Foul Ball, location: 2F
1-1: Ground out 5-3 (Groundball, 56S)
Batting: RHB Alfonso López 0-0: Ball
1-0: Ball
2-0: Fly out, F6 (Popup, 5L)
Bottom of the 7th over - 0 run(s), 0 hit(s), 0 error(s), 0 left on base; Leupp 0 - Tacoma 1
TOP OF THE 8TH
Leupp Arrowheads batting - Pitching for Tacoma Fur Traders : RHP Kevin Porter
Now at 1B: Burton Storey
Batting: SHB Gustavo Fuentes 0-0: Ball
1-0: Called Strike
1-1: Ball
2-1: Foul Ball, location: 2F
2-2: Foul Ball, location: 2F
2-2: Foul Ball, location: 2F
2-2: Foul Ball, location: 2F
2-2: SOLO HOME RUN (Flyball, 9D), Distance : 366 ft
Batting: LHB Pancho Ruíz 0-0: Ball
1-0: Ball
2-0: Ball
3-0: Called Strike
3-1: Swinging Strike
3-2: Base on Balls
Pitching: LHP Don Bender
Pinch Hitting: RHB Randy Galloway 0-0: Foul Ball, location: 2F
0-1: Foul Ball, location: 2F
0-2: Strikes out swinging
Batting: RHB Andrés Rodríguez 0-0: Fielders Choice at 2nd, 5-4 (Groundball, 5L)
Batting: RHB Tamasaburo Kato 0-0: Ball
1-0: Called Strike
1-1: Ball
2-1: Swinging Strike
2-2: Ball
3-2: Foul Ball, location: 2F
3-2: Ground out 5-3 (Groundball, 56)
Top of the 8th over - 1 run(s), 1 hit(s), 0 error(s), 1 left on base; Leupp 1 - Tacoma 1
BOTTOM OF THE 8TH
Tacoma Fur Traders batting - Pitching for Leupp Arrowheads : RHP Austin Stewart
Now at 1B: John Moore
Pinch Hitting: RHB Ángel Garza 0-0: Ball
1-0: Called Strike
1-1: SINGLE (Groundball, 5L)
Batting: RHB Justin Saginov 0-0: Ball
1-0: Called Strike
1-1: Called Strike
1-2: SINGLE (Line Drive, 9LS)
Ángel Garza to second
Pitching: RHP Richard Carlson
Batting: RHB Miguel Silva 0-0: Foul Ball, location: 2F
0-1: Ball
1-1: Ball
2-1: Ball
3-1: Fielders Choice at 2nd, 6-4 (Groundball, 6)
Ángel Garza to third
Pinch Hitting: LHB Ernesto Sánchez 0-0: Called Strike
0-1: SINGLE (Line Drive, 89M)
Ángel Garza scores
Miguel Silva to second
Runner from 2nd tries for 3rd, SAFE, no throw or cutoff
Pinch Hitting: LHB Jim Unknown 0-0: Called Strike
0-1: Foul Ball, location: 2F
0-2: Ball
1-2: Ball
2-2: Ball
3-2: Grounds into double play, 4-6-3 (Groundball, 4)
Bottom of the 8th over - 1 run(s), 3 hit(s), 0 error(s), 1 left on base; Leupp 1 - Tacoma 2
TOP OF THE 9TH
Leupp Arrowheads batting - Pitching for Tacoma Fur Traders : LHP Don Bender
Pitching: LHP Steve Adkins
Now at 1B: Jim Unknown
Now at 3B: Michel Perrin
Now in LF: Ernesto Sánchez
Batting: RHB Juan Tapia 0-0: Ground out 6-3 (Groundball, 6)
Batting: SHB Jared Jefferson 0-0: DOUBLE (Flyball, 89XD) - OUT at third base trying to stretch hit.
Batting: RHB José López 0-0: Ball
1-0: Ground out 6-3 (Groundball, 6M)
Top of the 9th over - 0 run(s), 1 hit(s), 0 error(s), 0 left on base; Leupp 1 - Tacoma 2
This league is powered by Out of the Park Baseball, the baseball management simulation game for PC, Mac and Linux
Saturday, July 25th, 2015 - OOTP Baseball 15.6 Build 34